| TOP OF THE 1ST |
|
Frisco RoughRiders batting - Pitching for Jackson Generals : RHP Michel Méry
|
|
Pitching: RHP Michel Méry
|
|
|
Batting: RHB Josh Whitmore
|
0-0: Ball 1-0: Ball 2-0: Ball 3-0: Called Strike 3-1: Called Strike 3-2: Ground out 5-3 (Groundball, 5S, EV 72.5 MPH)
|
|
Batting: LHB Alfonso Collazo
|
0-0: Ball 1-0: Ball 2-0: Ball 3-0: Base on Balls
|
|
Batting: LHB Jim Pankratz
|
0-0: Ball 1-0: Called Strike 1-1: Ball 2-1: Swinging Strike 2-2: Fielders Choice at 2nd, 3-6 (Groundball, 3, EV 80.0 MPH)
|
|
Batting: RHB Jorge Benites
|
0-0: Ball Jim Pankratz steals 2nd base 1-0: Ball 2-0: Called Strike 2-1: Foul Ball, location: 2F 2-2: Foul Ball, location: 2F 2-2: SINGLE (Groundball, 56D, EV 99.4 MPH) Jim Pankratz to third Runner from 3rd tries for Home, SAFE, throw by LF to home
|
|
Batting: RHB Danny Odom
|
0-0: Fly out, F7 (Flyball, 7LS, EV 88.1 MPH)
|
| Top of the 1st over - 1 run, 1 hit, 0 errors, 1 left on base; Frisco 1 - Jackson 0 |
| BOTTOM OF THE 1ST |
|
Jackson Generals batting - Pitching for Frisco RoughRiders : RHP John Piccola
|
|
Pitching: RHP John Piccola
|
|
|
Batting: RHB Mike Conaway
|
0-0: Called Strike 0-1: Swinging Strike 0-2: Ground out U3 (Groundball, 34S, EV 80.0 MPH)
|
|
Batting: RHB Adan Lake
|
0-0: Ball 1-0: Ground out 6-3 (Groundball, 6, EV 86.2 MPH)
|
|
Batting: RHB Kinzo Yokoyama
|
0-0: Swinging Strike 0-1: Fly out, F8 (Flyball, 78M, EV 86.9 MPH)
|
| Bottom of the 1st over - 0 runs, 0 hits, 0 errors, 0 left on base; Frisco 1 - Jackson 0 |
| TOP OF THE 2ND |
|
Frisco RoughRiders batting - Pitching for Jackson Generals : RHP Michel Méry
|
|
Batting: LHB Joseph Martin
|
0-0: Ball 1-0: Swinging Strike 1-1: Ball 2-1: Ground out 6-3 (Groundball, 6, EV 105.0 MPH)
|
|
Batting: RHB Luis Arce
|
0-0: Called Strike 0-1: Ball 1-1: Called Strike 1-2: Ball 2-2: Strikes out looking
|
|
Batting: RHB Matt Sanders
|
0-0: Swinging Strike 0-1: Ball 1-1: Ground out 5-3 (Groundball, 56S, EV 80.6 MPH)
|
| Top of the 2nd over - 0 runs, 0 hits, 0 errors, 0 left on base; Frisco 1 - Jackson 0 |
| BOTTOM OF THE 2ND |
|
Jackson Generals batting - Pitching for Frisco RoughRiders : RHP John Piccola
|
|
Batting: LHB Chris Jackson
|
0-0: Fly out, F8 (Flyball, 78M, EV 81.9 MPH)
|
|
Batting: RHB Chris Olheiser
|
0-0: Called Strike 0-1: Called Strike 0-2: SINGLE (Flyball, 78S, EV 89.4 MPH)
|
|
Batting: RHB Ryan Criollo
|
0-0: Ball Wild Pitch! Chris Olheiser to second 1-0: Swinging Strike 1-1: Ball 2-1: Ball 3-1: DOUBLE (Line Drive, 78XD, EV 105.0 MPH) Chris Olheiser scores
|
|
Batting: RHB Jeff Cox
|
0-0: Ground out 1-3 (Groundball, 13, EV 73.8 MPH) Ryan Criollo to third
|
|
Batting: LHB Brent Dutcher
|
0-0: SINGLE (Line Drive, 8RS, EV 104.4 MPH) Ryan Criollo scores
|
|
Batting: RHB Jesus Santiago
|
0-0: Ball 1-0: Fielders Choice at 2nd, 5-4 (Groundball, 56, EV 103.8 MPH)
|
| Bottom of the 2nd over - 2 runs, 3 hits, 0 errors, 1 left on base; Frisco 1 - Jackson 2 |
| TOP OF THE 3RD |
|
Frisco RoughRiders batting - Pitching for Jackson Generals : RHP Michel Méry
|
|
Batting: RHB Eduardo Chavez
|
0-0: Ball 1-0: Foul Ball, location: 2F 1-1: Foul Ball, location: 2F 1-2: Fly out, F8 (Flyball, 8RD, EV 87.5 MPH)
|
|
Batting: RHB Josh Whitmore
|
0-0: Ball 1-0: Ball 2-0: Reached on error, E5 (Groundball, 56, EV 83.1 MPH)
|
|
Batting: LHB Alfonso Collazo
|
0-0: Grounds into double play, U6-3 (Groundball, 6M, EV 90.6 MPH)
|
| Top of the 3rd over - 0 runs, 0 hits, 1 error, 0 left on base; Frisco 1 - Jackson 2 |
| BOTTOM OF THE 3RD |
|
Jackson Generals batting - Pitching for Frisco RoughRiders : RHP John Piccola
|
|
Batting: RHB Mike Conaway
|
0-0: Called Strike 0-1: Ground out 1-3 (Groundball, 34S, EV 73.8 MPH)
|
|
Batting: RHB Adan Lake
|
0-0: SINGLE (Groundball, 56D, EV 98.8 MPH)
|
|
Batting: RHB Kinzo Yokoyama
|
0-0: Fly out, F9 (Flyball, 9S, EV 82.5 MPH)
|
|
Batting: LHB Chris Jackson
|
0-0: Ground out 4-3 (Groundball, 4, EV 108.1 MPH)
|
| Bottom of the 3rd over - 0 runs, 1 hit, 0 errors, 1 left on base; Frisco 1 - Jackson 2 |
| TOP OF THE 4TH |
|
Frisco RoughRiders batting - Pitching for Jackson Generals : RHP Michel Méry
|
|
Batting: LHB Jim Pankratz
|
0-0: Foul Ball, location: 2F 0-1: Ball 1-1: Swinging Strike 1-2: Ball 2-2: Fly out, F7 (Flyball, 7S, EV 92.5 MPH)
|
|
Batting: RHB Jorge Benites
|
0-0: Ball 1-0: Ball 2-0: Ball 3-0: Called Strike 3-1: Foul Ball, location: 2F 3-2: Foul Ball, location: 2F 3-2: Base on Balls
|
|
Batting: RHB Danny Odom
|
0-0: Foul Ball, location: 2F 0-1: Fielders Choice at 2nd, 6-4 (Groundball, 6, EV 87.5 MPH)
|
|
Batting: LHB Joseph Martin
|
0-0: Ball 1-0: Ground out 4-3 (Groundball, 4S, EV 83.8 MPH)
|
| Top of the 4th over - 0 runs, 0 hits, 0 errors, 1 left on base; Frisco 1 - Jackson 2 |
| BOTTOM OF THE 4TH |
|
Jackson Generals batting - Pitching for Frisco RoughRiders : RHP John Piccola
|
|
Batting: RHB Chris Olheiser
|
0-0: Swinging Strike 0-1: Foul Ball, location: 2F 0-2: SINGLE (Groundball, 6, EV 103.1 MPH)
|
|
Batting: RHB Ryan Criollo
|
0-0: Foul Ball, location: 2F 0-1: Foul Ball, location: 2F 0-2: Fly out, F7 (Line Drive, 7, EV 90.6 MPH)
|
|
Batting: RHB Jeff Cox
|
0-0: Called Strike 0-1: Swinging Strike 0-2: Ball 1-2: Grounds into double play, 6-4-3 (Groundball, 6MS, EV 82.5 MPH)
|
| Bottom of the 4th over - 0 runs, 1 hit, 0 errors, 0 left on base; Frisco 1 - Jackson 2 |
| TOP OF THE 5TH |
|
Frisco RoughRiders batting - Pitching for Jackson Generals : RHP Michel Méry
|
|
Batting: RHB Luis Arce
|
0-0: Swinging Strike 0-1: Called Strike 0-2: Ball 1-2: Ball 2-2: Foul Ball, location: 2F 2-2: Ball 3-2: Fly out, F6 (Popup, 4MD, EV 58.1 MPH)
|
|
Batting: RHB Matt Sanders
|
0-0: Ball 1-0: Foul Ball, location: 2F 1-1: Ball 2-1: Ball 3-1: Base on Balls
|
|
Batting: RHB Eduardo Chavez
|
0-0: Called Strike 0-1: Fielders Choice at 2nd, 6-4 (Groundball, 6, EV 105.0 MPH)
|
|
Batting: RHB Josh Whitmore
|
0-0: Called Strike 0-1: Fly out, F4 (Popup, 4MD, EV 48.8 MPH)
|
| Top of the 5th over - 0 runs, 0 hits, 0 errors, 1 left on base; Frisco 1 - Jackson 2 |
| BOTTOM OF THE 5TH |
|
Jackson Generals batting - Pitching for Frisco RoughRiders : RHP John Piccola
|
|
Batting: LHB Brent Dutcher
|
0-0: Ball 1-0: Fly out, F7 (Flyball, 7, EV 74.4 MPH)
|
|
Batting: RHB Jesus Santiago
|
0-0: Foul Ball, location: 2F 0-1: Foul Ball, location: 2F 0-2: Strikes out swinging
|
|
Batting: RHB Mike Conaway
|
0-0: Called Strike 0-1: Ball 1-1: Ball 2-1: Fly out, F8 (Line Drive, 8LM, EV 94.4 MPH)
|
| Bottom of the 5th over - 0 runs, 0 hits, 0 errors, 0 left on base; Frisco 1 - Jackson 2 |
| TOP OF THE 6TH |
|
Frisco RoughRiders batting - Pitching for Jackson Generals : RHP Michel Méry
|
|
Batting: LHB Alfonso Collazo
|
0-0: Called Strike 0-1: Called Strike 0-2: Ball 1-2: Foul Ball, location: 2F 1-2: Strikes out swinging
|
|
Batting: LHB Jim Pankratz
|
0-0: Called Strike 0-1: Ball 1-1: Ball 2-1: Foul Ball, location: 2F 2-2: Foul Ball, location: 2F 2-2: Ball 3-2: SINGLE (Groundball, 56D, EV 99.4 MPH)
|
|
Batting: RHB Jorge Benites
|
0-0: Called Strike Jim Pankratz steals 2nd base 0-1: Ground out 4-3 (Groundball, 4, EV 103.1 MPH) Jim Pankratz to third
|
|
Batting: RHB Danny Odom
|
0-0: Called Strike 0-1: Called Strike 0-2: Strikes out swinging
|
| Top of the 6th over - 0 runs, 1 hit, 0 errors, 1 left on base; Frisco 1 - Jackson 2 |
| BOTTOM OF THE 6TH |
|
Jackson Generals batting - Pitching for Frisco RoughRiders : RHP John Piccola
|
|
Batting: RHB Adan Lake
|
0-0: Called Strike 0-1: Called Strike 0-2: Ball 1-2: Ball 2-2: Ball 3-2: Fly out, F9 (Flyball, 9, EV 88.8 MPH)
|
|
Batting: RHB Kinzo Yokoyama
|
0-0: Ball 1-0: Called Strike 1-1: Called Strike 1-2: Ball 2-2: Foul Ball, location: 2F 2-2: Ball 3-2: Strikes out swinging, 2-3 out at first.
|
|
Batting: LHB Chris Jackson
|
0-0: Called Strike 0-1: Ball 1-1: Called Strike 1-2: Strikes out swinging, 2-3 out at first.
|
| Bottom of the 6th over - 0 runs, 0 hits, 0 errors, 0 left on base; Frisco 1 - Jackson 2 |
| TOP OF THE 7TH |
|
Frisco RoughRiders batting - Pitching for Jackson Generals : RHP Michel Méry
|
|
Batting: LHB Joseph Martin
|
0-0: Called Strike 0-1: Ball 1-1: Ball 2-1: Ball 3-1: Swinging Strike 3-2: Base on Balls
|
|
Pitching: RHP Jose Rios
|
|
|
Pinch Hitting: LHB Yoshinari Nara
|
0-0: Ball 1-0: Swinging Strike 1-1: Foul Ball, location: 2F 1-2: Strikes out swinging
|
|
Batting: RHB Matt Sanders
|
0-0: Called Strike 0-1: Ball Joseph Martin is caught stealing 2nd base 2-4 1-1: Swinging Strike 1-2: Ground out 6-3 (Groundball, 6, EV 86.2 MPH)
|
| Top of the 7th over - 0 runs, 0 hits, 0 errors, 0 left on base; Frisco 1 - Jackson 2 |
| BOTTOM OF THE 7TH |
|
Jackson Generals batting - Pitching for Frisco RoughRiders : RHP John Piccola
|
|
Now at 3B: Danny Odom
|
|
|
Now in LF: Jorge Benites
|
|
|
Now in RF: Yoshinari Nara
|
|
|
Batting: RHB Chris Olheiser
|
0-0: Ball 1-0: DOUBLE (Flyball, 8LXD, EV 110.0 MPH)
|
|
Batting: RHB Ryan Criollo
|
0-0: Called Strike 0-1: Fly out, F6 (Popup, 6, EV 71.9 MPH)
|
|
Batting: RHB Jeff Cox
|
0-0: Fly out, F6 (Flyball, 56D, EV 93.1 MPH)
|
|
Batting: LHB Brent Dutcher
|
0-0: Ball 1-0: Foul Ball, location: 2F 1-1: Ground out 5-3 (Groundball, 56S, EV 62.5 MPH)
|
| Bottom of the 7th over - 0 runs, 1 hit, 0 errors, 1 left on base; Frisco 1 - Jackson 2 |
| TOP OF THE 8TH |
|
Frisco RoughRiders batting - Pitching for Jackson Generals : RHP Jose Rios
|
|
Batting: RHB Eduardo Chavez
|
0-0: Swinging Strike 0-1: Ball 1-1: Foul Ball, location: 2F 1-2: Ball 2-2: Foul Ball, location: 2F 2-2: Strikes out swinging
|
|
Batting: RHB Josh Whitmore
|
0-0: Ball 1-0: Swinging Strike 1-1: Ball 2-1: Foul Ball, location: 2F 2-2: SINGLE (Line Drive, 78S, EV 90.6 MPH)
|
|
Pitching: LHP Chan-u Lee
|
|
|
Batting: RHB Sean Neuroth
|
0-0: Foul Ball, location: 2F 0-1: Foul Ball, location: 2F 0-2: Ball 1-2: Foul Ball, location: 2F 1-2: Strikes out swinging
|
|
Pinch Hitting: RHB Mike Thornton
|
0-0: Ball Passed Ball! Josh Whitmore to second 1-0: Called Strike 1-1: Foul Ball, location: 2F 1-2: Strikes out swinging
|
| Top of the 8th over - 0 runs, 1 hit, 0 errors, 1 left on base; Frisco 1 - Jackson 2 |
| BOTTOM OF THE 8TH |
|
Jackson Generals batting - Pitching for Frisco RoughRiders : RHP John Piccola
|
|
Now at 1B: Mike Thornton
|
|
|
Batting: RHB Jesus Santiago
|
0-0: Ground out U3 (Groundball, 34, EV 86.2 MPH)
|
|
Batting: RHB Mike Conaway
|
0-0: Swinging Strike 0-1: Foul Ball, location: 2F 0-2: Strikes out swinging
|
|
Batting: RHB Adan Lake
|
0-0: Called Strike 0-1: Called Strike 0-2: Strikes out swinging
|
| Bottom of the 8th over - 0 runs, 0 hits, 0 errors, 0 left on base; Frisco 1 - Jackson 2 |
| TOP OF THE 9TH |
|
Frisco RoughRiders batting - Pitching for Jackson Generals : LHP Chan-u Lee
|
|
Pitching: LHP Adam Parrish
|
|
|
Now at C: Chris Olheiser
|
|
|
Now at 2B: Jason Kinney
|
|
|
Now in CF: Brendan Bundy
|
|
|
Now in RF: Ryan Criollo
|
|
|
Batting: RHB Jorge Benites
|
0-0: Ball 1-0: Ball 2-0: Foul Ball, location: 2F 2-1: Swinging Strike 2-2: Strikes out swinging
|
|
Batting: RHB Danny Odom
|
0-0: Called Strike 0-1: Swinging Strike 0-2: Ball 1-2: Ball 2-2: Foul Ball, location: 2F 2-2: Strikes out swinging
|
|
Pinch Hitting: RHB Jason Ostrom
|
0-0: Ball 1-0: Ball 2-0: Called Strike 2-1: Ball 3-1: Base on Balls
|
|
Pinch Hitting: RHB Carlos Lopez
|
0-0: Called Strike 0-1: Ball 1-1: SINGLE (Groundball, 56S, EV 73.1 MPH) (infield hit) Jason Ostrom to second
|
|
Batting: RHB Matt Sanders
|
0-0: Ball 1-0: Ball 2-0: Ball 3-0: Called Strike 3-1: Base on Balls Jason Ostrom to third Carlos Lopez to second
|
|
Batting: RHB Eduardo Chavez
|
0-0: Ball 1-0: Foul Ball, location: 2F 1-1: Ball 2-1: Swinging Strike 2-2: Ball 3-2: Strikes out swinging
|
| Top of the 9th over - 0 runs, 1 hit, 0 errors, 3 left on base; Frisco 1 - Jackson 2 |
|